 Dungeon Crawl Stone Soup version 0.21-a0-210-gbfa5647 (webtiles) character file.

1488 aurelian the Insei (level 8, 0/48 HPs)
             Began as an Octopode Transmuter on Aug 20, 2017.
             Was an Initiate of Dithmenos.
             Killed by divine providence
             ... invoked by an orc priest
              (13 damage)
             ... on level 6 of the Dungeon.
             The game lasted 00:22:59 (9186 turns).

aurelian the Insei (Octopode Transmuter)            Turns: 9186, Time: 00:23:00

Health: 0/48       AC:  2    Str:  9    XL:     8   Next: 80%
Magic:  3/11       EV: 18    Int: 16    God:    Dithmenos [......]
Gold:   265        SH:  0    Dex: 19    Spells: 1/11 levels left

rFire    . . .     SeeInvis .     - Unarmed
rCold    . . .     Gourm    .   (shield currently unavailable)
rNeg     . . .     Faith    .   (helmet currently unavailable)
rPois    x         Spirit   .   (no amulet)
rElec    .         Reflect  .   o - ring of protection from magic
rCorr    .         Harm     .   (no ring)
MR       +....                  (no ring)
Stlth    +++.......             (no ring)
HPRegen  0.16/turn              (no ring)
MPRegen  0.12/turn              (no ring)
                                (no ring)
                                (no ring)

@: spider-form, very slightly contaminated, drained
A: almost no armour, stealthy swim, (amphibious), 8 rings, (constrict 8)
a: End Transformation, Renounce Religion


You were on level 6 of the Dungeon.
You worshipped Dithmenos.
Dithmenos was noncommittal.
You were near starving.
You were a venomous arachnid creature.
You visited 1 branch of the dungeon, and saw 6 of its levels.

You collected 265 gold pieces.

Inventory:

Hand Weapons
 b - a +0 hunting sling
 t - a +3 dagger of venom
Missiles
 a - 63 arrows
 e - 63 sling bullets
 j - 231 stones
 r - 5 javelins (quivered)
Jewellery
 o - a ring of protection from magic (left front leg)
Wands
 q - a wand of polymorph (13/24)
Scrolls
 h - 5 scrolls of teleportation
 i - a scroll of fog
 m - a scroll of amnesia {unknown}
 w - 2 scrolls of identify
 x - 2 scrolls of enchant weapon {unknown}
Potions
 d - a potion of magic
 f - a potion of invisibility {unknown}
 k - a potion of curing
 l - a potion of haste
 n - 2 potions of agility
 p - a potion of resistance
 s - 2 potions of flight
 u - a potion of degeneration
 v - 2 potions of might {unknown}
 A - a potion of berserk rage {unknown}
Books
 g - a book of Changes

   Spells                             Type                      Level
   a - Beastly Appendage              Transmutation                1
   b - Sticks to Snakes               Transmutation                2
   c - Spider Form                    Transmutation/Poison         3
   d - Ice Form                       Ice/Transmutation            4
   e - Blade Hands                    Transmutation                5
Comestibles
 c - 2 bread rations
 z - a royal jelly


   Skills:
 - Level 1.0(0.0) Fighting
 - Level 2.0(1.0) Dodging
 - Level 4.0(3.0) Stealth
 + Level 7.0(5.9) Unarmed Combat
 - Level 2.0(1.0) Spellcasting
 + Level 6.6(5.5) Transmutations
 - Level 3.0(2.0) Ice Magic
 - Level 4.0(3.0) Poison Magic


You had one spell level left.
You knew the following spells:

 Your Spells              Type           Power        Failure   Level  Hunger
a - Beastly Appendage     Tmut           ###...       9%          1    ##.....
b - Sticks to Snakes      Tmut           ###.....     12%         2    ###....
c - Spider Form           Tmut/Pois      ##........   28%         3    ####...
d - Ice Form              Ice/Tmut       ##......     65%         4    #####..


Dungeon Overview and Level Annotations

Branches:
Dungeon (6/15)
 Temple: D:4-7

Altars:
Ashenzari
Dithmenos
Elyvilon
Sif Muna
Trog
Uskayaw
Vehumet
Zin
The Shining One

Annotations:
D:4 Meesh's ghost, amateur DrTm


Innate Abilities, Weirdness & Mutations

You cannot wear most types of armour.
You are very stealthy in the water. (Stealth+)
((You are amphibious.))
You can wear up to eight rings at the same time.
((You can use your tentacles to constrict eight enemies at once.))
((Your skin changes colour to match your surroundings (Stealth+).))
((Your rubbery body absorbs attacks. (AC +1, EV +1)))


Message History

Casting: Sticks to Snakes
Confirm with . or Enter, or press ? or * to list all spells.
You turn into a venomous arachnid creature.
You are near starving!
Your adder bites the orc warrior but does no damage.
The orc warrior hits your adder with a trident!
Your adder dies!
You barely miss the orc warrior.
You hit the orc warrior but do no damage.
The orc warrior is poisoned.
The orc warrior hits you with a trident!!
You hit the orc warrior.
The orc warrior looks as sick as possible!
The orc warrior is moderately wounded.
The orc warrior hits you with a trident!!
* * * LOW HITPOINT WARNING * * *
The orc warrior closely misses you.
The orc priest calls down the wrath of Beogh upon you.
Beogh smites you!
You die...

..... #.######..##
................##
##.##.##.######..##
#...##. ...##..##
#. #..## ....##..##
#. ##..## ...##..##
. ##..## ..##..#
##..######.##.#
##..o.o.s....#
#.##.o......#
#..o..#######
##########.#####
.....oo..†.#
.....####### ?....
..... .....


You could see an orc warrior, an orc priest, an orc wizard and an orc.

Vanquished Creatures
  Grinder (D:3)
  2 sky beasts (D:5)
  2 centaurs
  An ogre (D:6)
  A scorpion (D:6)
  4 wights (D:6)
  A jelly (D:5)
  3 hounds
  An orc priest (D:5)
  2 orc wizards
  An iguana (D:4)
  Terence (D:2)
  2 worker ants
  A hound zombie (D:5)
  2 hound skeletons (D:5)
  7 adders
  7 gnolls
  2 shadow imps
  An ooze (D:4)
  2 worms (D:5)
  A dart slug (D:2)
  8 leopard geckos
  9 orcs
  7 giant cockroaches
  4 hobgoblins
  3 jackals (D:1)
  6 kobolds
  3 quokkas
  A ball python (D:2)
  6 bats
  10 frilled lizards
  6 goblins
  11 rats
119 creatures vanquished.

Vanquished Creatures (collateral kills)
  A phantom (D:6)
  A frilled lizard (D:3)
2 creatures vanquished.

Grand Total: 121 creatures vanquished

Notes
Turn   | Place    | Note
-------+----------+-------------------------------------------
     0 | D:1      | aurelian the Octopode Transmuter began the quest for the Orb.
     0 | D:1      | Reached XP level 1. HP: 13/13 MP: 3/3
   241 | D:1      | Reached XP level 2. HP: 18/18 MP: 3/5
   979 | D:1      | Reached XP level 3. HP: 18/23 MP: 4/6
  1341 | D:2      | Learned a level 2 spell: Sticks to Snakes
  1345 | D:2      | Learned a level 3 spell: Spider Form
  1688 | D:2      | Found a hide-covered altar of Uskayaw.
  2016 | D:2      | Noticed Terence
  2027 | D:2      | Killed Terence
  2027 | D:2      | Reached skill level 4 in Unarmed Combat
  2027 | D:2      | Reached skill level 1 in Poison Magic
  2027 | D:2      | Reached XP level 4. HP: 26/28 MP: 2/7
  2566 | D:3      | Reached XP level 5. HP: 33/33 MP: 5/8
  2701 | D:3      | Noticed Grinder
  2714 | D:3      | Killed Grinder
  2714 | D:3      | Reached XP level 6. HP: 14/38 MP: 5/9
  2935 | D:3      | Found a white marble altar of Elyvilon.
  3933 | D:3      | Upgraded the game from 0.21-a0-207-g4a9efaf to 0.21-a0-210-gbfa5647
  3944 | D:3      | Reached skill level 5 in Unarmed Combat
  4249 | D:4      | Noticed Meesh's ghost (amateur DrTm)
  4754 | D:4      | Found a bloodstained altar of Trog.
  4909 | D:3      | Reached skill level 1 in Stealth
  4909 | D:3      | Reached XP level 7. HP: 32/43 MP: 7/10
  4979 | D:3      | Learned a level 4 spell: Ice Form
  5336 | D:4      | Found a shadowy altar of Dithmenos.
  5387 | D:4      | Became a worshipper of Dithmenos the Shadowed
  5652 | D:5      | Entered Level 5 of the Dungeon
  5855 | D:5      | Reached skill level 5 in Transmutations
  6182 | D:5      | Found a glowing golden altar of the Shining One.
  6198 | D:5      | Found a white marble altar of Elyvilon.
  6198 | D:5      | Found a glowing silver altar of Zin.
  6200 | D:5      | Found a shattered altar of Ashenzari.
  6617 | D:5      | Found a bloodstained altar of Trog.
  6626 | D:5      | Found a radiant altar of Vehumet.
  6638 | D:5      | Reached skill level 1 in Ice Magic
  6863 | D:5      | Reached XP level 8. HP: 47/48 MP: 8/11
  7393 | D:6      | Reached skill level 6 in Unarmed Combat
  8326 | D:6      | Found a deep blue altar of Sif Muna.
  8667 | D:6      | Reached * piety under Dithmenos
  8960 | D:6      | Reached skill level 7 in Unarmed Combat
  9186 | D:6      | Killed from afar by an orc priest

Vault maps used:
D:1:      giann_wishing_wells, minmay_pentomino_x4
D:2:      minmay_wonky_spiral, lemuel_coloured_pillars_altar, uniq_terence
D:3:      serial_forest, infiniplex_forest_end_3, infiniplex_forest_pool,
          infiniplex_forest_clump_medium, infiniplex_forest_diagonal,
          elyvilon_altar_1, uniq_grinder
D:4:      grunt_dithmenos_shadows, grunt_decor_one_mirror, bloody_trog
D:5:      grunt_temple_overflow_open, first_bread
D:6:      led_sif_pool, minmay_parallelograms

Skill      XL: |  1  2  3  4  5  6  7  8 |
---------------+-------------------------+-----
Transmutations | 3 4 5 6 |  6.6
Unarmed Combat | 4 5 7 |  7.0
Poison Magic   | 1 2 3 4 |  4.0
Stealth        | 1 4 |  4.0
Ice Magic      | 1 3 |  3.0
Fighting       | |  1.0
Dodging        | |  2.0
Spellcasting   | |  2.0

Action                   |  1- 3 |  4- 6 |  7- 9 || total
-------------------------+-------+-------+-------++-------
Melee: Unarmed           |    67 |   123 |   190 ||   380
       Constrict         |    14 |    10 |     5 ||    29
       Kick              |    13 |    12 |       ||    25
       Tentacles         |     9 |    12 |     5 ||    26
       Punch             |       |     1 |       ||     1
 Fire: Hunting sling     |    15 |     1 |       ||    16
Throw: Javelin           |       |       |     1 ||     1
 Cast: Beastly Appendage |    29 |    12 |       ||    41
       Sticks to Snakes  |     2 |     5 |    17 ||    24
       Spider Form       |     1 |    12 |    40 ||    53
  Use: Scroll            |     2 |     6 |     6 ||    14
       Potion            |       |     1 |     1 ||     2
 Stab: Sleeping          |     5 |       |     4 ||     9
       Distracted        |       |     1 |       ||     1
  Eat: Chunk             |     4 |     9 |    10 ||    23
       Fruit             |       |     2 |     1 ||     3
       Bread ration      |       |       |     2 ||     2
Armor: Skin              |     7 |     3 |     8 ||    18
Dodge: Dodged            |    56 |    78 |   127 ||   261

Table legend:
 A = Spawn XP
 B = Non-spawn XP
 C = Spawn XP percentage of total XP
 D = Spawn monster count
 E = Non-spawn monster count
 F = Spawn count percentage of total count
 G = Total turns spent on level
                    A         B        C        D         E        F      G
               +---------+---------+-------+---------+---------+-------+---------
         Total |     209 |    1388 |  13.1 |      14 |      40 |  25.9 |  5253
               +---------+---------+-------+---------+---------+-------+---------
           D:3 |      70 |      15 |  82.4 |       4 |       2 |  66.7 |  1294
           D:4 |       1 |      53 |   1.9 |       1 |       7 |  12.5 |   692
           D:5 |      91 |     646 |  12.3 |       7 |      17 |  29.2 |  1739
           D:6 |      47 |     674 |   6.5 |       2 |      14 |  12.5 |  1528
               +---------+---------+-------+---------+---------+-------+---------
